 Dungeon Crawl Stone Soup version 0.29-a0-340-g6efceafd81 (webtiles) character file.

Game seed: 12556808515697942692

606 Strat the Conjurer (level 7, -4/50 HPs)
             Began as a Red Draconian Conjurer on Apr 19, 2022.
             Succumbed to a scorpion's poison
             ... on level 5 of the Dungeon.
             The game lasted 00:11:54 (5693 turns).

Strat the Conjurer (Red Draconian Conjurer)         Turns: 5693, Time: 00:11:55

Health: -4/50      AC:  8    Str: 10    XL:     7   Next: 19%
Magic:  10/10      EV: 12    Int: 20    God:
Gold:   1864       SH:  0    Dex:  9    Spells: 3/10 levels left

rFire   + . .      SeeInvis .   a - +1 short sword (freeze)
rCold   . . .      Faith    .   (no shield)
rNeg    . . .      Spirit   .   (body armour unavailable)
rPois   .          Reflect  .   b - +0 hat
rElec   .          Harm     .   s - +0 cloak
rCorr   .          Rampage  .   (no gloves)
Will    .....                   k - +0 pair of boots
Stlth   ++........              (no amulet)
HPRegen 0.16/turn               g - ring of wizardry
MPRegen 0.12/turn               l - ring of wizardry

@: mighty, lethally poisoned (-4 -> -27), short of breath
A: breathe fire, AC +6, unfitting armour, fire resistance 1, cold-blooded
a: Breathe Fire


You were on level 5 of the Dungeon.
You visited 1 branch of the dungeon, and saw 5 of its levels.

You collected 1864 gold pieces.

Inventory:

Hand Weapons
 a - a +1 short sword of freezing (weapon)
Missiles
 i - 126 stones
 m - 3 throwing nets
 u - 4 curare-tipped darts
Armour
 b - a +0 hat (worn)
 k - a +0 pair of boots (worn)
 s - a +0 cloak (worn)
Jewellery
 f - an amulet of faith
 g - a ring of wizardry (left hand)
 l - a ring of wizardry (right hand)
Wands
 h - a wand of mindburst (5)
 w - a wand of flame (1)
Scrolls
 j - a scroll of enchant weapon
Potions
 c - 2 potions of resistance {unknown}
 d - 2 potions of haste {unknown}
 o - a potion of flight
 p - a potion of brilliance
 q - 4 potions of degeneration
 t - a potion of mutation {unknown}
 x - a potion of curing {unknown}


   Skills:
 - Level 1.7 Dodging
 - Level 1.7 Stealth
 - Level 2.0 Spellcasting
 + Level 7.5 Conjurations
 + Level 3.9 Hexes


You had 3 spell levels left.
You knew the following spells:

 Your Spells              Type           Power      Damage    Failure   Level
a - Magic Dart            Conj           100%       1d8       1%          1
b - Searing Ray           Conj           64%        2d6       1%          2
c - Fulminant Prism       Conj/Hex       12%        3d9       4%          4

Your spell library contained the following spells:

 Spells                   Type           Power      Damage    Failure   Level
 Dazzling Flash           Conj/Hex       48%        N/A       1%          3
 Iskenderun's Mystic Bla  Conj/Tloc      17%        2d5       9%          4


Dungeon Overview and Level Annotations

Branches:
Dungeon (5/15)
 Temple: D:4-7

Altars:

Shops:
D:3 (


Innate Abilities, Weirdness & Mutations

You can breathe blasts of fire.
Your fiery red scales are hard. (AC +6)
You cannot fit into any form of body armour.
Your flesh is heat resistant. (rF+)
You are cold-blooded and may be slowed by cold attacks.


Message History

The troll is heavily wounded. (Press . to maintain the ray.)
A scorpion comes into view.
The troll misses you. The troll barely misses you. The troll claws you.
* * * LOW HITPOINT WARNING * * *
The searing ray hits the troll!
The troll is severely wounded.
The troll barely misses you. The troll claws you.
* * * LOW HITPOINT WARNING * * *
The troll claws you!
* * * LOW HITPOINT WARNING * * *
Unknown command.
Without enough magic to sustain it, your searing ray dissipates.
The troll barely misses you. x2; The troll claws you.
* * * LOW HITPOINT WARNING * * *
Unknown command.
You feel much better. The troll barely misses you. The troll claws you!
* * * LOW HITPOINT WARNING * * *
The troll claws you.
* * * LOW HITPOINT WARNING * * *
Okay, then.
Magic courses through your body. The scorpion stings you.
* * * LOW HITPOINT WARNING * * *
You are poisoned.
The scorpion poisons you! The troll bites you but does no damage.
The troll claws you but does no damage. The troll claws you.
* * * LOW HITPOINT WARNING * * *
The troll attacks as you move away! The troll barely misses you.
The troll claws you.
* * * LOW HITPOINT WARNING * * *
The troll barely misses you.
* * * LOW HITPOINT WARNING * * *
You feel very sick. The scorpion stings you.
* * * LOW HITPOINT WARNING * * *
You are more poisoned.
The scorpion poisons you!
It was a potion of might.
You feel very mighty all of a sudden.
You die...

,,*,,,,,,,,,#...................#
*,,****,***##.#########..........
,,,* *,##,,.....................
*,,* *,,.....#########.##.......
,,,* ***#..#.##.....##.##.......
*,,* #..#†##.###'##'##,....,,
,,,* #..#.##.##......#**###**
,<,#######........+......# *
**,#..........Ts@##......# *
**.#...........########.## *
**..........)..# #.# *
,,.............# #.# *
,,.............# #.#********
***.####.......# #..,,,,,,,* *,*
#.......# *********** *,*
#.####### *_* *,* #.# **,*


You could see a troll and a scorpion.

Vanquished Creatures
  An ice beast (D:3)
  A phantom (D:4)
  A scorpion (D:4)
  2 jellies (D:5)
  2 orc wizards (D:4)
  An iguana (D:5)
  Natasha (thrice) (D:4)
  9 adders
  3 gnolls (D:3)
  A worm (D:2)
  3 dart slugs
  An orc (D:4)
  8 bats
  4 endoplasms
  4 giant cockroaches
  8 goblins
  3 hobgoblins (D:1)
  2 quokkas
  8 ball pythons
  A frilled lizard (D:2)
  6 kobolds
  7 rats
79 creatures vanquished.

Vanquished Creatures (others)
  2 fulminant prisms (D:5)
2 creatures vanquished.

Grand Total: 81 creatures vanquished

Notes
Turn   | Place    | Note
-------+----------+-------------------------------------------
     0 | D:1      | Strat the Draconian Conjurer began the quest for the Orb.
     0 | D:1      | Reached XP level 1. HP: 14/14 MP: 3/3
   305 | D:1      | Reached XP level 2. HP: 20/20 MP: 0/5
   362 | D:1      | Learned a level 2 spell: Searing Ray
  1128 | D:1      | Reached skill level 5 in Conjurations
  1128 | D:1      | Reached XP level 3. HP: 20/26 MP: 0/6
  2579 | D:3      | Reached XP level 4. HP: 28/33 MP: 1/7
  2649 | D:3      | Learned a level 4 spell: Fulminant Prism
  3316 | D:3      | Reached skill level 1 in Hexes
  3460 | D:3      | Found Wiedgh's Weapon Shoppe.
  3491 | D:3      | Noticed a scorpion
  3514 | D:4      | Killed a scorpion
  3515 | D:4      | Reached skill level 6 in Conjurations
  3515 | D:4      | Reached XP level 5. HP: 13/38 MP: 2/8
  3759 | D:3      | Noticed an ice beast
  3918 | D:3      | Killed an ice beast
  3919 | D:3      | Reached XP level 6. HP: 17/45 MP: 0/9
  4239 | D:4      | Identified 2 scrolls of acquirement
  4239 | D:4      | Acquired 590 gold pieces
  4377 | D:4      | Acquired 1107 gold pieces
  4570 | D:4      | Reached skill level 7 in Conjurations
  4871 | D:4      | Noticed Natasha
  4880 | D:4      | Killed Natasha
  5064 | D:4      | Noticed Natasha
  5067 | D:4      | Killed Natasha
  5233 | D:4      | Noticed Natasha
  5313 | D:4      | Killed Natasha
  5314 | D:4      | Your scales start taking on a fiery red colour.
  5314 | D:4      | Reached XP level 7. HP: 50/50 MP: 6/10
  5314 | D:4      | Gained mutation: Your flesh is heat resistant. (rF+) [Red
                  | Draconian growth]
  5427 | D:5      | Entered Level 5 of the Dungeon
  5673 | D:5      | Noticed a troll
  5692 | D:5      | HP: 1/50 [scorpion (6)]
  5693 | D:5      | Succumbed to a scorpion's poison

Illustrated notes

Levels and vault maps discovered:
D:1:      dpeg_arrival_triangle_fractal, layout_basic, hex_medium
D:2:      layout_basic
D:3:      layout_basic, serial_shops, nicolae_shop_bloodbath_and_beyond,
          corexii_leaking_fountain, minmay_misc_feat_secret_circle
D:4:      layout_loops_cross, eino_tiny_chamber, uniq_natasha
D:5:      layout_basic, chequers_temple_overflow_minitemple

Skill      XL: |  1  2  3  4  5  6 |
---------------+-------------------+-----
Conjurations   | 5 6 7 |  7.5
Hexes          | 1 2 3 |  3.9
Dodging        | |  1.7
Stealth        | |  1.7
Spellcasting   | |  2.0

Action                   |  1- 3 |  4- 6 |  7- 9 || total
-------------------------+-------+-------+-------++-------
Melee: Short sword       |     3 |    26 |       ||    29
       Punch             |       |     1 |       ||     1
       Tailslap          |       |     1 |       ||     1
 Cast: Magic Dart        |    61 |     6 |       ||    67
       Searing Ray       |    12 |    29 |     6 ||    47
       Fulminant Prism   |       |       |     2 ||     2
 Abil: Breathe Fire      |       |       |     1 ||     1
  Use: Potion            |       |     2 |     3 ||     5
       Scroll            |       |    10 |     1 ||    11
Armor: Skin              |     4 |    18 |     5 ||    27
Dodge: Dodged            |     9 |    41 |    15 ||    65

Table legend: (Time is in decaauts)
 A = Elapsed time spent in this place.
 B = Non-inter-level travel time spent in this place.
 C = Inter-level travel time spent in this place.
 D = Time resting spent in this place.
 E = Time spent auto-exploring this place.
 F = Levels seen in this place.
 G = Mean time per level.
                   A        B        C        D        E       F      G
               +--------+--------+--------+--------+--------+-----+--------+
         Total |   5705 |   5577 |    128 |   1286 |   3417 |   5 | 1141.0 |
       Dungeon |   5705 |   5577 |    128 |   1286 |   3417 |   5 | 1141.0 |
               +--------+--------+--------+--------+--------+-----+--------+

Top non-repeatable levels by time:
     D:3: 1471 daAuts
     D:4: 1404 daAuts
     D:1: 1333 daAuts
     D:2: 1230 daAuts
     D:5: 265 daAuts
